 Dungeon Crawl Stone Soup version 0.29-a0-350-g7790a0e70a (webtiles) character file.

Game seed: 12469699127431375976

5080 zishaf the Zephyrmancer (level 10, -1/63 HPs)
             Began as a Tengu Air Elementalist on Apr 22, 2022.
             Was a Believer of Dithmenos.
             Slain by a killer bee (8 damage)
             ... on level 9 of the Dungeon.
             The game lasted 00:27:08 (12722 turns).

zishaf the Zephyrmancer (Tengu Air Elementalist)   Turns: 12722, Time: 00:27:10

Health: -1/63      AC:  6    Str:  8    XL:     10   Next: 56%
Magic:  14/18      EV: 19    Int: 26    God:    Dithmenos [**....]
Gold:   190        SH:  0    Dex: 15    Spells: 1/19 levels left

rFire   . . .      SeeInvis .   B - +6 trident "Jeegh" {vorpal, rElec rPois}
rCold   . . .      Faith    .   (no shield)
rNeg    . . .      Spirit   .   a - +0 robe
rPois   +          Reflect  .   x - +2 hat
rElec   +          Harm     .   d - +0 cloak
rCorr   .          Rampage  .   h - +0 pair of gloves
Will    .....                   (boots unavailable)
Stlth   +++.......              z - amulet of magic regeneration
HPRegen 0.20/turn               r - +4 ring of evasion
MPRegen 0.56/turn               j - +6 ring of intelligence

@: swift, flying quickly and evasively, wreathed by umbra, very quick
A: beak, talons 3, nimble flight
a: Renounce Religion, Shadow Step


You were on level 9 of the Dungeon.
You worshipped Dithmenos.
Dithmenos was pleased with you.
You visited 2 branches of the dungeon, and saw 10 of its levels.

You collected 546 gold pieces.
You spent 356 gold pieces at shops.

Inventory:

Hand Weapons
 c - a +0 short sword
 o - a +3 dagger of venom
 q - the +8 trident of Impeachment {vorpal, Str+3}
   (You bought it in a shop on level 2 of the Dungeon)

   It inflicts extra damage upon your enemies.
   Str:       It affects your strength (+3).
 B - the +6 trident "Jeegh" (weapon) {vorpal, rElec rPois}
   (You took it off a wight on level 7 of the Dungeon)

   It inflicts extra damage upon your enemies.
   rElec:     It insulates you from electricity.
   rPois:     It protects you from poison.
Missiles
 k - 3 throwing nets
Armour
 a - a +0 robe (worn)
 d - a +0 cloak (worn)
 h - a +0 pair of gloves (worn)
 x - a +2 hat (worn)
Jewellery
 e - a +6 ring of strength
 j - a +6 ring of intelligence (right hand)
 r - a +4 ring of evasion (left hand)
 y - a ring of see invisible
 z - an amulet of magic regeneration (around neck)
 D - a +6 ring of strength
Wands
 u - a wand of flame (34)
Scrolls
 i - 6 scrolls of teleportation
 v - 3 scrolls of blinking
Potions
 b - a potion of magic
 f - a potion of heal wounds
 g - 2 potions of berserk rage
 l - 2 potions of haste
 m - a potion of invisibility
 n - 2 potions of resistance
 p - a potion of brilliance
 t - 2 potions of flight {unknown}
 w - 2 potions of attraction {unknown}


   Skills:
 + Level 7.2 Fighting
 - Level 4.0 Polearms
 + Level 1.0 Armour
 + Level 2.6 Dodging
 - Level 2.0 Stealth
 - Level 5.0 Spellcasting
 + Level 7.5 Conjurations
 * Level 13.1 Air Magic
 - Level 3.0 Poison Magic


You had one spell level left.
You knew the following spells:

 Your Spells              Type           Power      Damage    Failure   Level
a - Shock                 Conj/Air       100%       1d9       1%          1
b - Poisonous Vapours     Pois/Air       96%        N/A       1%          2
c - Airstrike             Air            33%        N/A       1%          4
d - Swiftness             Air            66%        N/A       1%          3
e - Static Discharge      Conj/Air       57%        N/A       1%          2
A - Conjure Ball Lightni  Conj/Air       28%        3x3d8     17%         6

Your spell library contained the following spells:

 Spells                   Type           Power      Damage    Failure   Level
 Animate Skeleton         Necr           12%        N/A       8%          1
 Apportation              Tloc           12%        N/A       8%          1
 Summon Small Mammal      Summ           24%        N/A       8%          1
 Corpse Rot               Necr/Air       80%        N/A       1%          2
 Ensorcelled Hibernation  Hex/Ice        12%        N/A       12%         2
 Spider Form              Tmut/Pois      14%        N/A       12%         3
 Fulminant Prism          Conj/Hex       13%        3d9       16%         4
 Iskenderun's Mystic Bla  Conj/Tloc      26%        2d7       16%         4
 Ozocubu's Armour         Ice            6%         N/A       22%         3
 Anguish                  Hex/Necr       3%         N/A       58%         4
 Animate Armour           Summ/Erth      12%        N/A       58%         4
 Lee's Rapid Deconstruct  Erth           3%         3d6*      91%         5
 Metabolic Englaciation   Hex/Ice        3%         N/A       91%         5
 Summon Mana Viper        Hex/Summ       6%         N/A       91%         5
 Maxwell's Capacitive Co  Air            33%        ∞         93%         8
 Simulacrum               Ice/Necr       3%         N/A       100%        6
 Monstrous Menagerie      Summ           3%         N/A       100%        7
 Ozocubu's Refrigeration  Ice            3%         4d5       100%        7


Dungeon Overview and Level Annotations

Branches:
Dungeon (9/15)             Temple (1/1) D:5
   Lair: D:8-11         Orc: D:9-12

Altars:
Ashenzari
Cheibriados
Dithmenos
Fedhas
Gozag
Hepliaklqana
Kikubaaqudgha
Makhleb
Nemelex Xobeh
Qazlal
Ru
Trog
Uskayaw
Vehumet
Wu Jian
Xom
Yredelemnul
Zin
The Shining One

Shops:
D:2 (   D:6 [?:[   D:7 (

Annotations:
D:5 3 runed translucent doors, Pooter's ghost, amateur GnWn
D:9 Gastronok


Innate Abilities, Weirdness & Mutations

You have a beak for a mouth.
You have claws for feet.
Your magical nature lets you fly swiftly and evasively.


Message History

Items here: ( )) †.
Things that are here:
a +0 short sword; a stone
Items here: ( )) †.
Okay, then.
Found 21 stones.
You reach down and open the door.
You hear the faint creaking of a very distant portcullis.
Gastronok and 5 killer bees come into view.
Gastronok is wearing a +1 hat of stealth.
Gastronok gurgles horribly!
The killer bee buzzes angrily. x2
The killer bee completely misses you.
The killer bee buzzes angrily. x2
There is an open door here.
The killer bee stings you but does no damage.
The killer bee attacks as you move away!
The killer bee misses you. The killer bee stings you.
Gastronok waves his eye-stalks in wide circles.
The air twists around and strikes you!! The killer bee barely misses you.
Casting: Poisonous Vapours (safe; 1% risk of failure)
Confirm with . or Enter, or press ? or * to list all spells.
You feel quick. The killer bee stings you!
* * * LOW HITPOINT WARNING * * *
The killer bee stings you!
* * * LOW HITPOINT WARNING * * *
The killer bee attacks as you move away!
The killer bee barely misses you.
Casting: Swiftness (safe; 1% risk of failure)
Confirm with . or Enter, or press ? or * to list all spells.
Okay, then.
Casting: Swiftness (safe; 1% risk of failure)
Confirm with . or Enter, or press ? or * to list all spells.
Aiming: Airstrike (safe; 1% risk of failure)
Press: ? - help, Dir - move target, f - killer bee
Aim: a killer bee (umbra, empty space bonus: 4/8)
The air twists around and strikes the killer bee!
The killer bee is almost dead.
The killer bee stings you!
You die...

#......# ..... #......#
#######.....
#......######...........
#.......................
#.............##'#######+####+
#.............#...............
#.............#...............
####[............#...............
#...............@#...............
#.......##+##...y#..........<....
#######.# #+#.y#...############
#.# #yy#####...... #.#
##............ #.# #............
#.# #...y........ #.#
#.....######## #.# #.....'.......


You could see 4 killer bees.

Vanquished Creatures
  A hornet (D:7)
  6 yaks
  A wyvern (D:6)
  A spriggan (D:8)
  A steam dragon (D:6)
  3 orc warriors
  2 sky beasts
  4 ice beasts
  2 centaurs
  An ogre (D:7)
  A phantom (D:4)
  3 kobold brigands
  A bullfrog (D:7)
  A gnoll sergeant (D:8)
  11 wights
  3 killer bees (D:6)
  A howler monkey (D:7)
  4 hounds
  Crazy Yiuf (D:3)
  6 orc priests
  3 gnoll shamans
  4 jellies
  3 iguanas
  11 orc wizards
  Robin (D:3)
  7 adders
  25 gnolls
  2 shadow imps
  A white imp (D:6)
  3 worms
  28 orcs
  8 ball pythons
  12 endoplasms
  4 giant cockroaches
  16 goblins
  11 hobgoblins
  4 jackals (D:2)
  22 kobolds
  3 quokkas (D:1)
  4 bats
  5 frilled lizards
  5 rats
236 creatures vanquished.

Vanquished Creatures (others)
  An orc wizard (D:6)
  2 plants (D:2)
  6 toadstools (D:5)
9 creatures vanquished.

Grand Total: 245 creatures vanquished

Notes
Turn   | Place    | Note
-------+----------+-------------------------------------------
     0 | D:1      | zishaf the Tengu Air Elementalist began the quest for the
                  | Orb.
     0 | D:1      | Reached XP level 1. HP: 10/10 MP: 4/4
    79 | D:1      | Reached XP level 2. HP: 16/16 MP: 0/6
   204 | D:1      | Reached skill level 1 in Fighting
   226 | D:1      | Found a faded altar of an unknown god.
   245 | D:1      | Reached skill level 5 in Air Magic
   425 | D:1      | Reached XP level 3. HP: 20/20 MP: 5/7
  1498 | D:2      | Learned a level 2 spell: Poisonous Vapours
  1552 | D:2      | Found Ipnurr's Antique Weapon Shoppe.
  1619 | D:2      | Reached XP level 4. HP: 26/26 MP: 1/8
  1858 | D:2      | Reached skill level 1 in Poison Magic
  1872 | D:2      | Reached skill level 6 in Air Magic
  2509 | D:3      | Gained mutation: Your magical nature lets you fly swiftly
                  | and evasively. [Tengu growth]
  2509 | D:3      | Reached XP level 5. HP: 30/30 MP: 9/9
  2550 | D:2      | Learned a level 4 spell: Airstrike
  3326 | D:3      | Reached XP level 6. HP: 25/36 MP: 3/10
  3606 | D:3      | Found a glowing silver altar of Zin.
  3834 | D:3      | Noticed Robin
  3849 | D:3      | Killed Robin
  4090 | D:3      | Found a runed translucent door.
  4091 | D:3      | Noticed Crazy Yiuf
  4232 | D:3      | Killed Crazy Yiuf
  4685 | D:4      | Learned a level 3 spell: Swiftness
  4748 | D:4      | Reached skill level 7 in Air Magic
  4988 | D:4      | Found a burning altar of Makhleb.
  5010 | D:4      | Reached XP level 7. HP: 36/41 MP: 3/12
  5013 | D:4      | Learned a level 2 spell: Static Discharge
  5945 | D:5      | Entered Level 5 of the Dungeon
  5948 | D:5      | Noticed Pooter's ghost (amateur GnWn)
  5980 | D:5      | Found a staircase to the Ecumenical Temple.
  5989 | Temple   | Entered the Ecumenical Temple
  6111 | Temple   | Became a worshipper of Dithmenos the Shadowed
  6206 | D:5      | Found a runed translucent gate.
  6206 | D:5      | Found a runed translucent gate.
  6206 | D:5      | Found a runed translucent gate.
  6672 | D:6      | Identified a scroll of acquirement
  6672 | D:6      | Acquired the Catalogue of Cloudy Calling
  6679 | D:6      | Noticed a yak
  6680 | D:6      | Noticed a yak
  6684 | D:6      | Noticed a yak
  6690 | D:6      | Noticed a yak
  6711 | D:5      | Killed a yak
  6712 | D:5      | Reached skill level 8 in Air Magic
  6854 | D:6      | Noticed a yak
  6854 | D:6      | Noticed a yak
  6906 | D:5      | Killed a yak
  6907 | D:5      | Reached XP level 8. HP: 23/48 MP: 12/15
  7072 | D:6      | Found Kylacaji's Armour Boutique.
  7160 | D:2      | Bought a transparent trident for 161 gold pieces
  7160 | D:2      | Identified the +8 trident of Impeachment {vorpal, Str+3}
                  | (You bought it in a shop on level 2 of the Dungeon)
  7536 | D:6      | Killed a yak
  7537 | D:6      | Reached skill level 1 in Polearms
  7537 | D:6      | Reached skill level 9 in Air Magic
  7563 | D:6      | Killed a yak
  7835 | D:6      | Reached skill level 5 in Fighting
  7929 | D:6      | Reached * piety under Dithmenos
  7930 | D:6      | Reached XP level 9. HP: 36/54 MP: 9/17
  8149 | D:6      | Reached skill level 10 in Air Magic
  8278 | D:6      | Found Optemoat's Magic Scroll Shop.
  8286 | D:6      | Bought 2 scrolls of blinking for 195 gold pieces
  8301 | D:6      | Found Agukoyfut's Book Shop.
  8306 | D:6      | Reached skill level 5 in Spellcasting
  8580 | D:6      | Found Rugeg's Armour Shop.
  8659 | D:6      | Reached skill level 5 in Conjurations
  9010 | D:7      | Reached skill level 11 in Air Magic
  9015 | D:7      | Identified the +6 trident "Jeegh" {vorpal, rElec rPois}
  9358 | D:7      | Found Kyes's Antique Weapon Boutique.
  9716 | D:7      | Found a broken altar of Ashenzari.
  9906 | D:7      | Found a hazy altar of Hepliaklqana.
  9939 | D:7      | Reached XP level 10. HP: 42/61 MP: 14/18
  9972 | D:7      | Reached ** piety under Dithmenos
 10134 | D:7      | Reached skill level 12 in Air Magic
 10899 | D:7      | Found an opulent altar of Gozag.
 12095 | D:8      | Learned a level 6 spell: Conjure Ball Lightning
 12120 | D:8      | Reached skill level 13 in Air Magic
 12674 | D:9      | Reached skill level 1 in Armour
 12712 | D:9      | Noticed Gastronok
 12722 | D:9      | Slain by a killer bee

Illustrated notes

Levels and vault maps discovered:
D:1:      wander_arrival_lonely_grave, layout_basic, serial_curves,
          eino_curves_04, eino_curves_03,
          shapermc_ecumenical_altar_starsandcircs, kennysheep_crisscross
D:2:      layout_rooms, serial_shops, nicolae_shop_window_shopping,
          serial_forest, infiniplex_forest_straight_4,
          infiniplex_forest_zigzag_2, infiniplex_forest_lined_room_,
          infiniplex_forest_corner_1, infiniplex_forest_lined_corner,
          infiniplex_forest_diagonal, infiniplex_forest_lined_3,
          infiniplex_forest_end_2, infiniplex_forest_end_1,
          infiniplex_forest_end_1, minmay_close_crescents
D:3:      layout_basic, amcnicky_altar_gilded, uniq_robin,
          uniq_crazy_yiuf_cottage
D:4:      layout_basic, mainiacjoe_overflow_chevrons
D:5:      layout_cave_pools, minmay_temple_entry_sparse_star,
          gammafunk_ghost_split, minmay_gold_behind_fungi
D:6:      layout_loops_ring, serial_shops, shop, nicolae_shop_advertising_works
          [nicolae_subvault_shop_adworks], shop_scrolls,
          nicolae_shop_hallway_stairs
D:7:      layout_loops_ring, nicolae_overflow_crystal_walls, marbit_many_paths,
          lemuel_crystal_altar, serial_shops, kennysheep_mini
D:8:      layout_loops_cross, the_hattery
D:9:      layout_irregular_city, mainiacjoe_overflow_alcove_1,
          mainiacjoe_overflow_catwalk, enter_bailey_3, uniq_gastronok
Temple:   jpeg_temple_clearing

Skill      XL: |  1  2  3  4  5  6  7  8  9 10 |
---------------+-------------------------------+-----
Fighting       | 1 2 3 4 5 6 7 |  7.2
Air Magic      | 5 6 7 8 9 11 13 | 13.1
Poison Magic   | 1 2 3 |  3.0
Spellcasting   | 3 4 5 |  5.0
Conjurations   | 2 4 6 7 |  7.5
Polearms       | 2 4 |  4.0
Armour         | 1 |  1.0
Dodging        | |  2.6
Stealth        | |  2.0

Action                   |  1- 3 |  4- 6 |  7- 9 | 10-12 || total
-------------------------+-------+-------+-------+-------++-------
Melee: Unarmed           |     2 |       |       |       ||     2
       Kick              |    14 |    27 |    27 |    29 ||    97
       Short sword       |    59 |    67 |       |       ||   126
       Peck              |     9 |    16 |    17 |    14 ||    56
       Dagger            |       |    16 |    11 |       ||    27
       Punch             |       |       |     2 |     1 ||     3
       Trident           |       |       |    90 |   128 ||   218
 Cast: Shock             |    25 |    11 |    16 |    17 ||    69
       Poisonous Vapours |     3 |    79 |    90 |    18 ||   190
       Airstrike         |       |     2 |       |     1 ||     3
       Swiftness         |       |       |     1 |     1 ||     2
       Static Discharge  |       |       |       |     2 ||     2
  Use: Scroll            |       |     4 |     6 |     6 ||    16
 Stab: Distracted        |     1 |       |     1 |     2 ||     4
       Sleeping          |     3 |     2 |     2 |     2 ||     9
Armor: Robe              |    19 |    14 |    10 |    11 ||    54
Dodge: Dodged            |    27 |    48 |    63 |   112 ||   250

Table legend: (Time is in decaauts)
 A = Elapsed time spent in this place.
 B = Non-inter-level travel time spent in this place.
 C = Inter-level travel time spent in this place.
 D = Time resting spent in this place.
 E = Time spent auto-exploring this place.
 F = Levels seen in this place.
 G = Mean time per level.
                   A        B        C        D        E       F      G
               +--------+--------+--------+--------+--------+-----+--------+
         Total |  12225 |  11619 |    606 |   1387 |   7720 |  10 | 1222.5 |
       Dungeon |  12101 |  11531 |    570 |   1387 |   7645 |   9 | 1344.6 |
        Temple |    124 |     88 |     36 |      0 |     74 |   1 |  124.0 |
               +--------+--------+--------+--------+--------+-----+--------+

Top non-repeatable levels by time:
     D:6: 2009 daAuts
     D:7: 1620 daAuts
     D:3: 1544 daAuts
     D:2: 1521 daAuts
     D:8: 1448 daAuts
     D:4: 1426 daAuts
     D:1: 1418 daAuts
     D:5: 952 daAuts
     D:9: 160 daAuts
  Temple: 124 daAuts
